 Dungeon Crawl Stone Soup version 0.31-a0-1467-g53b6572822 (webtiles) character file.

Game seed: 17088311106364308472

2013 boombot the Mimic (level 9, -2/63 HPs)
             Began as an Octopode Shapeshifter on Dec 28, 2023.
             Was a Priest of Makhleb.
             Slain by an orc knight
             ... wielding a +0 glaive
              (25 damage)
             ... in a bailey.
             The game lasted 00:13:34 (5643 turns).

boombot the Mimic (Octopode Shapeshifter)           Turns: 5643, Time: 00:13:34

Health: -2/63      AC:  9    Str: 19 (20) XL:     9   Next: 22%
Magic:  9/9        EV: 10    Int: 10 (13) God:    Makhleb [***...]
Gold:   327        SH:  0    Dex: 13 (16) Spells: 8/8 levels left

rFire   + .          .
                       - Unarmed
rCold   . . .        (shield currently unavailable)
rNeg    + . .        (helmet currently unavailable)
rPois   +            r - amulet of faith
rElec   .            f - ring of flight
rCorr   +            d - ring of Surprise {rPois rF+}
SInv    .            m - ring "Futhuira" {rN+ rCorr Dex+3}
Will    .....        (no ring)
Stlth   +            (no ring)
HPRegen 0.30/turn    (no ring)
MPRegen 0.11/turn    (no ring)
                     (no ring)

%: faith
@: snake-form, flying
A: constrict, boosted hp, almost no armour, amphibious, 8 rings, large,
(camouflage 1), (gelatinous body 1), (nimble swimmer 1), (tentacles)
a: Begin Untransformation, Renounce Religion, Minor Destruction, Lesser Servant
of Makhleb


You were in a bailey.
You worshipped Makhleb.
Makhleb was most pleased with you.
You were an enormous serpent.
You visited 1 branch of the dungeon, and saw 7 of its levels.
You also visited: Bailey.

You collected 327 gold pieces.

Inventory:

Jewellery
 d - the ring of Surprise (right tentacle) {rPois rF+}
   (You acquired it on level 1 of the Dungeon)

   [ring of poison resistance]

   rF+:       It protects you from fire.
   rPois:     It protects you from poison
 f - a ring of flight (left tentacle)
 h - an amulet of magic regeneration
 l - a ring of fire
 m - the ring "Futhuira" (on tentacle) {rN+ rCorr Dex+3}
   (You acquired it on level 2 of the Dungeon)

   [ring of resist corrosion]

   Dex+3:     It affects your dexterity (+3).
   rN+:       It protects you from negative energy.
   rCorr:     It protects you from acid and corrosion.
 r - an amulet of faith (around neck)
 v - an amulet of the acrobat
Talismans
 b - a beast talisman
 c - a flux talisman
 k - a serpent talisman (active)
Wands
 u - a wand of digging (2)
Scrolls
 e - a scroll of butterflies
 i - 2 scrolls of enchant armour
 n - a scroll of enchant weapon
 q - 2 scrolls of vulnerability
 s - 3 scrolls of fog
 t - 2 scrolls of noise
 x - 2 scrolls of teleportation
Potions
 a - a potion of lignification
 g - a potion of mutation


   Skills:
 - Level 1.0 Fighting
 - Level 2.0 Dodging
 - Level 5.9 Unarmed Combat
 + Level 10.2 Shapeshifting


You had 8 spell levels left.
You didn't know any spells.
Your spell library contained the following spells:

 Spells                   Type           Power      Damage    Failure   Level
 Magic Dart               Conj           0%         1d3       36%         1
 Sandblast                Erth           0%         2d4       36%         1
 Ensorcelled Hibernation  Hex/Ice        0%         N/A       50%         2
 Searing Ray              Conj           0%         2d4       50%         2
 Dazzling Flash           Conj/Hex       0%         N/A       75%         3
 Fugue of the Fallen      Necr           0%         N/A       75%         3
 Mephitic Cloud           Conj/Alch/Air  0%         N/A       75%         3
 Passwall                 Erth           0%         N/A       75%         3
 Stone Arrow              Conj/Erth      0%         3d7       75%         3
 Tukima's Dance           Hex            0%         N/A       75%         3
 Anguish                  Hex/Necr       0%         N/A       98%         4
 Animate Dead             Necr           0%         N/A       98%         4
 Brom's Barrelling Bould  Conj/Erth      0%         2d3       98%         4
 Dimensional Bullseye     Hex/Tloc       0%         N/A       98%         4
 Fulminant Prism          Conj/Alch      0%         3d5       98%         4
 Iskenderun's Mystic Bla  Conj/Tloc      0%         2d3       98%         4
 Curse of Agony           Necr           0%         N/A       100%        5
 Fireball                 Conj/Fire      0%         3d3       100%        5
 Iskenderun's Battlesphe  Conj           0%         2d6       100%        5
 Silence                  Hex/Air        0%         N/A       100%        5
 Conjure Ball Lightning   Conj/Air       0%         3x3d6     100%        6
 Haunt                    Necr/Summ      0%         N/A       100%        7
 Orb of Destruction       Conj           0%         9d5       100%        7
 Infestation              Necr           0%         N/A       100%        8


Dungeon Overview and Level Annotations

Branches:
Dungeon (7/15)             Temple (0/1) D:4          Bailey (1/1)

Altars:
Elyvilon
Kikubaaqudgha
Makhleb
Yredelemnul


Innate Abilities, Weirdness & Mutations

You are an enormous serpent.
You have a powerful constriction melee attack.
Your maximum health is increased.
Your armour is entirely melded.
You are incapable of wielding weapons or throwing items.
You cannot wear most types of armour.
You are amphibious.
You can wear up to eight rings at the same time.
((Your skin changes colour to match your surroundings (Stealth+).))
((Your rubbery body absorbs attacks. (AC +1, EV +1)))
((You are camouflaged when in or above water. (Stealth+)))
((You have tentacles for arms and can constrict up to eight enemies at once.))


Message History

You feel yourself slow down.
You constrict the orc knight. You hit the orc knight.
The orc knight is lightly wounded.
You constrict the orc knight, but do no damage.
The orc knight roars a battlecry!
Unknown command.
You lash the orc knight!
The orc knight is moderately wounded.
You constrict the orc knight, but do no damage.
The orc knight hits you with a +4 bardiche!
Unknown command.
Unknown command.
Unknown command.
You lash the orc knight!
The orc knight is heavily wounded.
You constrict the orc knight. The orc knight misses you.
Unknown command.
Unknown command.
Unknown command.
You hit the orc knight.
The orc knight is heavily wounded.
You constrict the orc knight. The orc knight barely misses you.
Unknown command.
Unknown command.
You hit the orc knight.
The orc knight is severely wounded.
You constrict the orc knight!
The orc knight splashes around in the water.
The orc knight hits you from afar with a +0 glaive!!
Unknown command.
Unknown command.
Unknown command.
Unknown command.
You hit the orc knight.
The orc knight is severely wounded.
You constrict the orc knight, but do no damage.
The orc knight splashes around in the water.
The orc knight hits you from afar with a +0 glaive!!
You die...

...~~~~~~~~##~~#'''##~~~~~~~~~~~.
...~~~~~~~~#~~##∩.∩##~~##~~~~~~~.
...~~~~~~~##o####o####~##~~~~~~~.
...~~~~~~~##~')#.o.#)'~##~~~~~~~.
...~~~~~~~##o###.8.###~##~)~~~~~.
...~~~~~~~##~')#).:#)'~##~~~~~~~.
...~~~~~~~##~#########~##~~~~~~~.
...~~~~~~~~#~~##)#.##~~#~~~~~~~~.
...~~~~~~~~##~~#S#'#~~##)~~~~~~~.
...~~~~~~~~~##oo~~~~~##~~~~~~~~~.
...~≈≈)≈≈≈~~~#########~~~≈≈≈)≈≈~.
...≈≈#.##≈~~~~~~###~~~~~~≈##)#≈≈.
...≈##.∩#≈~~~~~~~~)))~~~~≈#∩.##≈.
...≈#....)~~~~~~~~~~~~~~~)....#≈.
..)≈##.##≈~~~~~~~~~~~~~~~≈##.##≈.
...≈≈###≈≈~~~~~~~~~~~~~~~≈≈###≈≈.
...)≈≈≈≈≈~~)~~~~~~~~~~~~~~≈≈≈≈≈~.


You could see 2 orc knights.

Vanquished Creatures
  2 water moccasins (D:6)
  7 orc warriors (Bailey)
  A sky beast (D:6)
  An ice beast (D:5)
  4 phantoms
  A bullfrog (D:7)
  3 scorpions
  2 jellies
  A howler monkey (D:5)
  3 bombardier beetles (D:4)
  2 iguanas
  7 adders
  2 ufetubi (D:4)
  A worm (D:3)
  2 dart slugs
  17 orcs
  7 ball pythons
  2 bats
  7 endoplasms
  4 giant cockroaches
  3 goblins
  7 hobgoblins
  7 jackals
  4 quokkas
  2 frilled lizards (D:1)
  4 kobolds
  3 rats
106 creatures vanquished.

Notes
Turn   | Place    | Note
-------+----------+-------------------------------------------
     0 | D:1      | boombot the Octopode Shapeshifter began the quest for the
                  | Orb.
     0 | D:1      | Reached XP level 1. HP: 13/13 MP: 1/1
   168 | D:1      | Found a faded altar of an unknown god.
   207 | D:1      | Prayed at the altar of an unknown god.
   207 | D:1      | Became a worshipper of Makhleb the Destroyer
   207 | D:1      | Reached * piety under Makhleb
   315 | D:1      | Reached XP level 2. HP: 18/18 MP: 2/2
   804 | D:1      | Identified a scroll of acquirement
   804 | D:1      | Acquired the ring of Surprise {rPois rF+}
   836 | D:2      | Found a basalt altar of Yredelemnul.
  1138 | D:2      | Reached XP level 3. HP: 17/23 MP: 3/3
  1493 | D:2      | Acquired the ring "Futhuira" {rN+ rCorr Dex+3}
  1640 | D:2      | Reached XP level 4. HP: 28/28 MP: 4/4
  2153 | D:3      | Identified the +0 chain mail of Impatience {rF+}
  2409 | D:3      | Reached skill level 4 in Shapeshifting
  2769 | D:4      | Found an ancient bone altar of Kikubaaqudgha.
  2776 | D:4      | Reached ** piety under Makhleb
  2786 | D:4      | Noticed a phantom
  2876 | D:4      | Reached XP level 5. HP: 25/33 MP: 5/5
  2888 | D:4      | Noticed a phantom
  2904 | D:4      | Killed a phantom
  2905 | D:4      | Reached skill level 5 in Unarmed Combat
  2908 | D:4      | Reached XP level 6. HP: 38/38 MP: 6/6
  2924 | D:4      | Reached skill level 5 in Shapeshifting
  2973 | D:4      | Found a staircase to the Ecumenical Temple.
  3013 | D:4      | Found a white marble altar of Elyvilon.
  3164 | D:4      | Reached XP level 7. HP: 26/43 MP: 7/7
  3375 | D:5      | Entered Level 5 of the Dungeon
  3474 | D:5      | Reached skill level 6 in Shapeshifting
  3931 | D:5      | Reached skill level 7 in Shapeshifting
  4069 | D:5      | Reached XP level 8. HP: 43/48 MP: 8/8
  4174 | D:6      | Reached skill level 8 in Shapeshifting
  4629 | D:6      | Reached *** piety under Makhleb
  4669 | D:7      | Found a flagged portal.
  4676 | Bailey   | Entered a bailey
  4701 | Bailey   | Reached skill level 9 in Shapeshifting
  4925 | Bailey   | Reached XP level 9. HP: 49/53 MP: 9/9
  5215 | Bailey   | Reached skill level 10 in Shapeshifting
  5607 | Bailey   | Noticed an orc knight
  5607 | Bailey   | Noticed an orc knight
  5643 | Bailey   | Slain by an orc knight

Illustrated notes

Levels and vault maps discovered:
D:1:      dpeg_arrival_round_a, layout_basic, nicolae_ecumenical_lake_church
D:2:      minmay_wonky_spiral, layout_basic, basic_altar
D:3:      layout_basic
D:4:      layout_rooms, nicolae_elyvilon_temple_path,
          nicolae_overflow_crystal_walls, minmay_temple_entry_slanted
D:5:      layout_gridville
D:6:      minmay_evil_eye, layout_rooms, yredelemnul_forgotten_temple_becter,
          gammafunk_temple_overflow_forgotten, nicolae_tso_swordbearing_angel
D:7:      layout_basic, enter_bailey_2
Bailey:   bailey_polearm_2, bailey

Skill      XL: |  1  2  3  4  5  6  7  8  9 |
---------------+----------------------------+-----
Unarmed Combat | 4 5 |  5.9
Shapeshifting  | 4 5 7 9 10 | 10.2
Fighting       | |  1.0
Dodging        | |  2.0

Action                     |  1- 3 |  4- 6 |  7- 9 || total
---------------------------+-------+-------+-------++-------
  Melee: Unarmed           |    54 |    79 |   134 ||   267
         Constrict         |    17 |    19 |    28 ||    64
         Tentacles         |     9 |    14 |    23 ||    46
         Punch             |     2 |     3 |     5 ||    10
Ability: Begin Untransform |       |       |     2 ||     2
    Use: Scroll            |     3 |     3 |     7 ||    13
         Potion            |       |     3 |     6 ||     9
   Stab: Sleeping          |     5 |     5 |     2 ||    12
 Armour: Skin              |    20 |    29 |    55 ||   104
  Dodge: Dodged            |    22 |    34 |    81 ||   137
   Form: Beast             |       |       |     1 ||     1
         Serpent           |       |       |     1 ||     1

Table legend: (Time is in decaauts)
 A = Elapsed time spent in this place.
 B = Non-inter-level travel time spent in this place.
 C = Inter-level travel time spent in this place.
 D = Time resting spent in this place.
 E = Time spent auto-exploring this place.
 F = Levels seen in this place.
 G = Mean time per level.
                   A        B        C        D        E       F      G
               +--------+--------+--------+--------+--------+-----+--------+
         Total |   5618 |   5457 |    161 |   1826 |   2300 |   8 |  702.2 |
       Dungeon |   4672 |   4511 |    161 |   1365 |   2229 |   7 |  667.4 |
        Bailey |    946 |    946 |      0 |    460 |     71 |   1 |  946.0 |
               +--------+--------+--------+--------+--------+-----+--------+

Top non-repeatable levels by time:
     D:3: 1094 daAuts
  Bailey: 946 daAuts
     D:2: 855 daAuts
     D:1: 832 daAuts
     D:5: 694 daAuts
     D:4: 588 daAuts
     D:6: 583 daAuts
     D:7: 23 daAuts
